 Dungeon Crawl Stone Soup version 0.24-a0-509-ga1643a6 (webtiles) character file.

Game seed: 7783482048319358980

1079 DinnerBoy7 the Shield-Bearer (level 8, -10/67 HPs)
             Began as a Gnoll Fighter on July 19, 2019.
             Blown up by an orc warrior (22 damage)
             ... with a disintegration bolt
             ... on level 6 of the Dungeon.
             The game lasted 00:21:28 (5559 turns).

DinnerBoy7 the Shield-Bearer (Gnoll Fighter)        Turns: 5559, Time: 00:21:29

Health: -10/67     AC: 16    Str: 23 (24) XL:     8   Next: 29%
Magic:  22/22      EV:  8    Int:  7 (8)  God:
Gold:   325        SH: 16    Dex: 16      Spells: 13/13 levels left

rFire    . . .     SeeInvis .   A - +2 war axe of the Mushroom {vamp, Str+2}
rCold    . . .     Gourm    .   c - +0 shield
rNeg     . . .     Faith    .   g - +3 chain mail
rPois    .         Spirit   .   l - +2 hat
rElec    .         Reflect  +   (no cloak)
rCorr    .         Harm     .   (no gloves)
MR       .....                  h - +0 pair of boots
Stlth    ..........             n - +5 amulet of reflection
HPRegen  0.21/turn              p - ring of magical power
MPRegen  0.18/turn              v - +2 ring of strength (curse)

@: lightly drained
A: distributed training, claws 1, fangs 1, horns 1, dopey 1, high mp 1, strong
nose
a: no special abilities


You were on level 6 of the Dungeon.
You were not hungry.

You visited 1 branch of the dungeon, and saw 6 of its levels.

You collected 325 gold pieces.

Inventory:

Hand Weapons
 a - a +0 long sword
 d - a +6 long sword
 k - a cursed -2 club
 t - a +2 long sword of slicing
 A - the +2 war axe of the Mushroom (weapon) {vamp, Str+2}
   (You found it on level 6 of the Dungeon)

   It inflicts no extra harm, but heals its wielder when it wounds a living foe.
   It affects your strength (+2).
Armour
 b - a +0 scale mail
 c - a +0 shield (worn)
 g - a +3 chain mail (worn)
 h - a +0 pair of boots (worn)
 l - a +2 hat (worn)
Jewellery
 j - an uncursed amulet of harm
 n - a +5 amulet of reflection (around neck)
 p - a ring of magical power (left claw)
 v - a cursed +2 ring of strength (right claw)
Wands
 i - a wand of flame (22)
 w - a wand of paralysis (11)
Scrolls
 m - a scroll of immolation {unknown}
 o - 3 scrolls of fear
 q - a scroll of random uselessness
 x - a scroll of amnesia
 y - a scroll of remove curse
 z - 3 scrolls of teleportation
 B - a scroll of enchant weapon
 D - a scroll of identify
Potions
 e - a potion of resistance
 r - a potion of haste
 s - a potion of degeneration
 u - a potion of brilliance
Comestibles
 f - 7 rations
 C - 2 chunks of flesh


   Skills:
 + Level 7.3(6.6) Fighting
 + Level 3.1(2.5) Short Blades
 + Level 5.5(4.9) Long Blades
 + Level 3.1(2.5) Axes
 + Level 3.1(2.5) Maces & Flails
 + Level 3.1(2.5) Polearms
 + Level 3.1(2.5) Staves
 + Level 3.1(2.5) Slings
 + Level 3.1(2.5) Bows
 + Level 3.1(2.5) Crossbows
 + Level 3.1(2.5) Throwing
 + Level 7.3(6.6) Armour
 + Level 3.1(2.5) Dodging
 + Level 3.1(2.5) Stealth
 + Level 7.3(6.6) Shields
 + Level 3.1(2.5) Unarmed Combat
 + Level 3.1(2.5) Spellcasting
 + Level 2.5(1.9) Conjurations
 + Level 2.5(1.9) Hexes
 + Level 2.5(1.9) Charms
 + Level 2.5(1.9) Summonings
 + Level 2.5(1.9) Necromancy
 + Level 2.5(1.9) Translocations
 + Level 2.5(1.9) Transmutations
 + Level 2.5(1.9) Fire Magic
 + Level 2.5(1.9) Ice Magic
 + Level 2.5(1.9) Air Magic
 + Level 2.5(1.9) Earth Magic
 + Level 2.5(1.9) Poison Magic
 + Level 3.4(2.8) Invocations
 + Level 3.1(2.5) Evocations


You had 13 spell levels left.
You didn't know any spells.
Your spell library was empty.

Dungeon Overview and Level Annotations

Branches:
Dungeon (6/15)
 Temple: D:4-7

Altars:
Ashenzari
Sif Muna
Beogh


Innate Abilities, Weirdness & Mutations

Your experience applies equally to all skills.
You have very sharp teeth.
Your uncanny sense of smell can sniff out nearby items.
You have sharp fingernails.
You have a pair of small horns on your head.
You are dopey. (Int -2)
You have an increased reservoir of magic. (+10% MP)


Message History

You block the orc's attack.
You closely miss the orc warrior.
You headbutt the orc warrior, but do no damage.
The orc warrior is almost dead.
You slash the orc!
You kill the orc!
You block the orc warrior's attack.
The orc warrior zaps a wand.
You struggle to resist.
You hit the orc warrior.
You feel better.
The orc warrior is almost dead.
The orc warrior zaps a wand.
You struggle to resist.
You hit the orc warrior.
You feel better.
Your headbutt misses the orc warrior.
The orc warrior is almost dead.
The orc warrior hits you with a +0 war axe!
* * * LOW HITPOINT WARNING * * *
You block the orc warrior's attack.
You hit the orc warrior but do no damage.
The orc warrior is almost dead.
The orc warrior zaps a wand.
You are blasted!
You die...

######....†.......######
.....'..................
..###..################
#............(.....
#.>#...#...#...#...
#..................
#..#...#...#)..#...
#..o..)............
#)@################
#.)....... ∆ #.........
.......... ...%#######
#....# #....# ..(..#


You could see an orc warrior.

Vanquished Creatures
  The ghost of VoltageHero the Poker, an amateur HuGl (D:4)
  A sky beast (D:6)
  An ice beast (D:6)
  An ogre (D:6)
  A scorpion (D:4)
  2 crimson imps (D:5)
  A hound (D:4)
  5 orc priests
  2 jellies
  An iguana (D:6)
  A worker ant (D:6)
  Robin (D:3)
  4 adders
  4 gnolls (D:4)
  An ooze (D:3)
  A worm (D:4)
  A dart slug (D:1)
  2 leopard geckos
  19 orcs
  3 ball pythons
  4 giant cockroaches
  11 hobgoblins
  9 jackals
  3 quokkas
  5 bats
  5 frilled lizards
  5 goblins
  8 kobolds
  A leopard gecko skeleton (D:4)
  5 rats
109 creatures vanquished.

Vanquished Creatures (others)
  A centaur (D:5)
  2 goblins (D:3)
3 creatures vanquished.

Grand Total: 112 creatures vanquished

Notes
Turn   | Place    | Note
-------+----------+-------------------------------------------
     0 | D:1      | DinnerBoy7 the Gnoll Fighter began the quest for the Orb.
     0 | D:1      | Reached XP level 1. HP: 23/23 MP: 1/1
   118 | D:1      | Reached XP level 2. HP: 28/29 MP: 2/2
   633 | D:2      | Reached XP level 3. HP: 31/35 MP: 3/3
   706 | D:2      | Reached skill level 1 in Short Blades
   706 | D:2      | Reached skill level 1 in Axes
   706 | D:2      | Reached skill level 1 in Maces & Flails
   706 | D:2      | Reached skill level 1 in Polearms
   706 | D:2      | Reached skill level 1 in Staves
   706 | D:2      | Reached skill level 1 in Slings
   706 | D:2      | Reached skill level 1 in Bows
   706 | D:2      | Reached skill level 1 in Crossbows
   706 | D:2      | Reached skill level 1 in Throwing
   706 | D:2      | Reached skill level 1 in Dodging
   706 | D:2      | Reached skill level 1 in Stealth
   706 | D:2      | Reached skill level 1 in Unarmed Combat
   706 | D:2      | Reached skill level 1 in Spellcasting
   706 | D:2      | Reached skill level 1 in Invocations
   706 | D:2      | Reached skill level 1 in Evocations
   706 | D:2      | Reached XP level 4. HP: 10/41 MP: 3/5
   719 | D:2      | Reached skill level 1 in Conjurations
   719 | D:2      | Reached skill level 1 in Hexes
   719 | D:2      | Reached skill level 1 in Charms
   719 | D:2      | Reached skill level 1 in Summonings
   719 | D:2      | Reached skill level 1 in Necromancy
   719 | D:2      | Reached skill level 1 in Translocations
   719 | D:2      | Reached skill level 1 in Transmutations
   719 | D:2      | Reached skill level 1 in Fire Magic
   719 | D:2      | Reached skill level 1 in Ice Magic
   719 | D:2      | Reached skill level 1 in Air Magic
   719 | D:2      | Reached skill level 1 in Earth Magic
   719 | D:2      | Reached skill level 1 in Poison Magic
  1084 | D:2      | Found a shattered altar of Ashenzari.
  1327 | D:3      | Reached XP level 5. HP: 47/47 MP: 6/6
  1482 | D:3      | Noticed Robin
  1489 | D:3      | Killed Robin
  2050 | D:4      | Reached XP level 6. HP: 47/53 MP: 8/8
  2189 | D:4      | Noticed VoltageHero's ghost (amateur HuGl)
  2191 | D:4      | Found a runed translucent gate.
  2192 | D:4      | Found a runed translucent gate.
  2193 | D:4      | Found a runed translucent gate.
  2939 | D:4      | Found a roughly hewn altar of Beogh.
  2944 | D:4      | Gained mutation: You have a pair of small horns on your
                  | head. [potion of mutation]
  2944 | D:4      | Gained mutation: You have an increased reservoir of magic.
                  | (+10% MP) [potion of mutation]
  2944 | D:4      | Gained mutation: You have a pair of horns on your head.
                  | [potion of mutation]
  4292 | D:4      | Lost mutation: You have a pair of horns on your head.
                  | [potion of mutation]
  4292 | D:4      | Gained mutation: You are dopey. (Int -2) [potion of
                  | mutation]
  4292 | D:4      | Gained mutation: You have sharp fingernails. [potion of
                  | mutation]
  4311 | D:4      | Reached skill level 5 in Long Blades
  4319 | D:4      | Killed VoltageHero's ghost
  4319 | D:4      | Reached XP level 7. HP: 35/59 MP: 11/11
  4562 | D:5      | Entered Level 5 of the Dungeon
  5305 | D:6      | Reached XP level 8. HP: 67/67 MP: 13/13
  5310 | D:6      | Got a pitted war axe
  5311 | D:6      | Identified the +2 war axe of the Mushroom {vamp, Str+2}
                  | (You found it on level 6 of the Dungeon)
  5505 | D:6      | Found a deep blue altar of Sif Muna.
  5559 | D:6      | Blown up by an orc warrior

Levels and vault maps discovered:
D:1:      dpeg_arrival_tiny_a, layout_rooms
D:2:      cheibrodos_pilgrimage, layout_basic, first_ration,
          nicolae_ashenzari_panopticon
D:3:      layout_loops_ring, uniq_robin
D:4:      layout_layer_cave, biasface_ghost_orc_armoury
D:5:      layout_loops_ring
D:6:      lemuel_upstairs_altar, layout_basic, lemuel_coloured_pillars_altar,
          minmay_temple_entry_proselytizer, minmay_fractal_squares_diagonal_5

Skill      XL: |  1  2  3  4  5  6  7  8 |
---------------+-------------------------+-----
Short Blades   | 1 2 3 |  3.1
Axes           | 1 2 3 |  3.1
Maces & Flails | 1 2 3 |  3.1
Polearms       | 1 2 3 |  3.1
Staves         | 1 2 3 |  3.1
Slings         | 1 2 3 |  3.1
Bows           | 1 2 3 |  3.1
Crossbows      | 1 2 3 |  3.1
Throwing       | 1 2 3 |  3.1
Dodging        | 1 2 3 |  3.1
Stealth        | 1 2 3 |  3.1
Unarmed Combat | 1 2 3 |  3.1
Spellcasting   | 1 2 3 |  3.1
Invocations    | 1 2 3 |  3.4
Evocations     | 1 2 3 |  3.1
Conjurations   | 1 2 |  2.5
Hexes          | 1 2 |  2.5
Charms         | 1 2 |  2.5
Summonings     | 1 2 |  2.5
Necromancy     | 1 2 |  2.5
Translocations | 1 2 |  2.5
Transmutations | 1 2 |  2.5
Fire Magic     | 1 2 |  2.5
Ice Magic      | 1 2 |  2.5
Air Magic      | 1 2 |  2.5
Earth Magic    | 1 2 |  2.5
Poison Magic   | 1 2 |  2.5
Long Blades    | 5 |  5.5
Fighting       | 7 |  7.3
Armour         | 7 |  7.3
Shields        | 7 |  7.3

Action                   |  1- 3 |  4- 6 |  7- 9 || total
-------------------------+-------+-------+-------++-------
Melee: Long sword        |    53 |   129 |    52 ||   234
       Bite              |     9 |    13 |    10 ||    32
       Headbutt          |       |     1 |    20 ||    21
       War axe           |       |       |    31 ||    31
Evoke: Wand              |       |       |     3 ||     3
  Use: Scroll            |     4 |     6 |     6 ||    16
       Potion            |     1 |    13 |     1 ||    15
  Eat: Chunk             |       |     5 |     1 ||     6
       Ration            |       |     2 |     1 ||     3
Armor: Scale mail        |    20 |    34 |       ||    54
       Chain mail        |       |       |    24 ||    24
Dodge: Dodged            |    15 |    34 |    15 ||    64
Block: Shield            |    51 |   109 |    68 ||   228
       Reflection        |     4 |     5 |     4 ||    13
       Rpst.: Long sword |     5 |    10 |     6 ||    21

Table legend:
 A = Non-vault XP
 B = Vault XP
 C = Vault XP percentage of total XP
 D = Non-vault monster count
 E = Vault monster count
 F = Vault count percentage of total count
                 A         B        C        D         E       F
            +---------+---------+-------+---------+---------+-------
      Total |    1131 |     411 |  26.7 |      87 |      25 |  22.3
            +---------+---------+-------+---------+---------+-------
        D:1 |      25 |       0 |   0.0 |      16 |       0 |   0.0
        D:2 |      29 |      99 |  77.3 |      11 |       7 |  38.9
        D:3 |      65 |      28 |  30.1 |      21 |       7 |  25.0
        D:4 |     179 |     284 |  61.3 |      10 |      11 |  52.4
        D:5 |     291 |       0 |   0.0 |      17 |       0 |   0.0
        D:6 |     542 |       0 |   0.0 |      12 |       0 |   0.0
            +---------+---------+-------+---------+---------+-------
